 Dungeon Crawl Stone Soup version 0.23.2-1-ga50397a (webtiles) character file.

Game seed: 8009591641386925474

462 troglodite the Covert (level 6, -16/32 HPs)
             Began as a Spriggan Assassin on May 28, 2019.
             Was a Follower of Dithmenos.
             Demolished by a two-headed ogre
             ... wielding a +0 giant club
              (22 damage)
             ... on level 8 of the Dungeon.
             The game lasted 00:33:56 (8379 turns).

troglodite the Covert (Spriggan Assassin)           Turns: 8379, Time: 00:33:57

Health: -16/32     AC:  3    Str:  9    XL:     6   Next: 79%
Magic:  10/10      EV: 20    Int: 13    God:    Dithmenos [*.....]
Gold:   124        SH:  0    Dex: 19    Spells: 3/9 levels left

rFire    . . .     SeeInvis +   a - +2 dagger
rCold    . . .     Gourm    .   (shield restricted)
rNeg     . . .     Faith    +   c - +0 robe
rPois    .         Spirit   .   (helmet restricted)
rElec    .         Reflect  .   d - +0 cloak
rCorr    .         Harm     .   (gloves unavailable)
MR       +....                  (boots unavailable)
Stlth    +++++.....             t - amulet of faith
HPRegen  0.10/turn              q - +2 ring of strength
MPRegen  0.12/turn              (no ring)

@: about to teleport, starving, wreathed by umbra, very quick
A: very small, unfitting armour, see invisible, herbivore, speed 3, slow
metabolism 2
a: Renounce Religion


You were on level 8 of the Dungeon.
You worshipped Dithmenos.
Dithmenos was aware of your devotion.
You were starving.

You visited 1 branch of the dungeon, and saw 6 of its levels.

You collected 145 gold pieces.
You spent 21 gold pieces at shops.

Inventory:

Hand Weapons
 a - a +2 dagger (weapon)
 b - a +0 blowgun
 z - a +0 hunting sling
Missiles
 e - 25 poisoned needles
 f - 5 curare-tipped needles
 s - 109 stones (quivered)
 A - 13 sling bullets
Armour
 c - a +0 robe (worn)
 d - a +0 cloak (worn)
Jewellery
 q - a +2 ring of strength (left hand)
 t - an amulet of faith (around neck)
Wands
 w - a wand of flame (18)
 y - a wand of clouds (7)
Scrolls
 i - 2 scrolls of remove curse
 j - 2 scrolls of random uselessness {unknown}
 k - a scroll of teleportation
 r - a scroll of blinking {unknown}
 v - 2 scrolls of enchant weapon {unknown}
 D - a scroll of noise {unknown}
 E - a scroll of identify
 F - a scroll of holy word {unknown}
Potions
 h - a potion of ambrosia {unknown}
 l - 3 potions of haste
 m - a potion of resistance {unknown}
 n - 2 potions of invisibility
 o - a potion of mutation {unknown}
 p - a potion of degeneration {unknown}
 u - 2 potions of flight {unknown}
 x - 2 potions of curing {unknown}
 B - 2 potions of heal wounds {unknown}
 C - a potion of brilliance {unknown}
Comestibles
 g - 9 rations


   Skills:
 * Level 2.4 Fighting
 * Level 4.1 Short Blades
 * Level 1.1(1.9) Slings
 - Level 2.0(2.1) Throwing
 * Level 4.4 Dodging
 * Level 8.4 Stealth
 * Level 2.3 Spellcasting
 * Level 1.1 Hexes
 * Level 1.6 Evocations


You had 3 spell levels left.
You knew the following spells:

 Your Spells              Type           Power        Failure   Level  Hunger
a - Dazzling Spray        Conj/Hex       #.....       50%         3    ###....
b - Confuse               Hex            #.......     41%         3    ###....

Your spell library contained the following spells:

 Spells                   Type           Power        Failure   Level  Hunger
 Corona                   Hex            #......      16%         1    #......
 Ensorcelled Hibernation  Hex/Ice        #.....       28%         2    ###....
 Tukima's Dance           Hex            #.......     41%         3    ###....


Dungeon Overview and Level Annotations

Branches:
Dungeon (5/15)             Temple (0/1) D:4

Altars:
Ashenzari
Dithmenos
Fedhas
Gozag
Hepliaklqana
Makhleb
Okawaru
Trog
Vehumet
Xom
Yredelemnul

Shops:
D:4 (%(

Annotations:
D:4 Sigmund


Innate Abilities, Weirdness & Mutations

You are very small and have problems with some larger weapons.
You are too small for most types of armour.
You have supernaturally acute eyesight. (SInv)
You are a herbivore.
You cover ground extremely quickly.
You need to consume almost no food.


Message History

You hit the orc but do no damage. The orc completely misses you.
The orc priest completely misses you.
You closely miss the orc. The orc closely misses you.
The orc priest barely misses you.
You barely miss the orc. The orc hits you with a +0 club.
You hit the orc but do no damage.
The orc priest hits you but does no damage.
The orc closely misses you. The two-headed ogre misses you.
The two-headed ogre hits you with a +0 dire flail!
* * * LOW HITPOINT WARNING * * *
You closely miss the orc. The orc misses you.
The orc priest closely misses you. The orc closely misses you.
You hit the orc but do no damage. The two-headed ogre barely misses you.
The two-headed ogre misses you. The orc completely misses you.
The orc priest misses you. The orc misses you.
As you read the scroll of teleportation, it crumbles to dust.
You feel strangely unstable. The two-headed ogre barely misses you.
The two-headed ogre hits you with a +0 dire flail!!
Ouch! That really hurt!
You die...

.........##
......$...#
S.........#
.O....O...##########
##........##.......#
.....
.........###.......#
..o.
#######....'....S..#
.o. #..###...Ooo.#


.oo #..# #####@### #'# #..# #o# #.# #.########o############o#
#.............[o.o..o...# ##########.############## #.# #.# #.# #.# You could
see a two-headed ogre, an orc priest, an adder and 3 orcs.

Vanquished Creatures
  A howler monkey (D:5)
  A crimson imp (D:5)
  An orc priest (D:5)
  2 bullfrog skeletons
  An iguana (D:4)
  3 worker ants
  A worker ant zombie (D:5)
  4 gnolls
  4 adders
  3 oozes
  2 worms (D:2)
  5 leopard geckos
  15 orcs
  6 giant cockroaches
  9 goblins
  4 hobgoblins
  5 quokkas
  3 ball pythons
  A ball python zombie (D:5)
  8 bats
  4 frilled lizards
  A jackal skeleton (D:5)
  2 kobolds
  5 rats
91 creatures vanquished.

Notes
Turn   | Place    | Note
-------+----------+-------------------------------------------
     0 | D:1      | troglodite the Spriggan Assassin began the quest for the
                  | Orb.
     0 | D:1      | Reached XP level 1. HP: 10/10 MP: 2/2
   353 | D:1      | Reached skill level 6 in Stealth
   706 | D:1      | Reached XP level 2. HP: 15/15 MP: 3/3
  1629 | D:2      | Reached XP level 3. HP: 18/18 MP: 5/5
  1653 | D:2      | Found an opulent altar of Gozag.
  1861 | D:2      | Reached skill level 1 in Spellcasting
  2027 | D:2      | Found a shattered altar of Ashenzari.
  2027 | D:2      | Found a bloodstained altar of Trog.
  2028 | D:2      | Found an opulent altar of Gozag.
  2100 | D:2      | Reached skill level 7 in Stealth
  2213 | D:3      | Found a shimmering altar of Xom.
  2216 | D:3      | Found a shimmering altar of Xom.
  2274 | D:3      | Reached XP level 4. HP: 23/23 MP: 6/6
  2484 | D:3      | Found an iron altar of Okawaru.
  2487 | D:3      | Found a blossoming altar of Fedhas.
  2487 | D:3      | Found a shadowy altar of Dithmenos.
  2823 | D:3      | Found a basalt altar of Yredelemnul.
  3119 | D:3      | Became a worshipper of Dithmenos the Shadowed
  3227 | D:3      | Found a shimmering altar of Xom.
  3402 | D:3      | Found a shimmering altar of Xom.
  3402 | D:3      | Found a shimmering altar of Xom.
  3403 | D:3      | Found a shimmering altar of Xom.
  3403 | D:3      | Found a shimmering altar of Xom.
  3522 | D:4      | Reached XP level 5. HP: 21/26 MP: 8/8
  3617 | D:4      | Found Omumeg's Weapon Shoppe.
  4359 | D:4      | Found Cown's Food Emporium.
  4377 | D:4      | Found a staircase to the Ecumenical Temple.
  4435 | D:4      | Reached skill level 1 in Evocations
  4440 | D:4      | Learned a level 3 spell: Dazzling Spray
  4444 | D:4      | Learned a level 3 spell: Confuse
  4453 | D:4      | Found Goacvoar's Weapon Boutique.
  4466 | D:4      | Bought a +0 hunting sling for 21 gold pieces
  4498 | D:4      | Found a radiant altar of Vehumet.
  4580 | D:4      | Noticed Sigmund
  4691 | D:4      | Noticed a phantom
  5969 | D:4      | Reached skill level 8 in Stealth
  6420 | D:4      | Noticed a phantom
  6707 | D:5      | Entered Level 5 of the Dungeon
  6965 | D:5      | Reached XP level 6. HP: 30/30 MP: 8/10
  7419 | D:5      | Found a burning altar of Makhleb.
  7797 | D:5      | Reached skill level 1 in Hexes
  7868 | D:5      | Reached skill level 1 in Slings
  8207 | D:5      | Reached * piety under Dithmenos
  8228 | D:5      | Found a hazy altar of Hepliaklqana.
  8282 | D:5      | You fall through a shaft for 3 floors!
  8283 | D:8      | Noticed a two-headed ogre
  8379 | D:8      | Demolished by a two-headed ogre

Skill      XL: |  1  2  3  4  5  6 |
---------------+-------------------+-----
Stealth        | 6 7 8 |  8.4
Dodging        | 2 3 4 |  4.4
Spellcasting   | 1 2 |  2.3
Fighting       | 2 |  2.4
Short Blades   | 3 4 |  4.1
Evocations     | 1 |  1.6
Hexes          | 1 |  1.1
Slings         | 1 |  1.1
Throwing       | |  2.0

Action                   |  1- 3 |  4- 6 || total
-------------------------+-------+-------++-------
Melee: Dagger            |   117 |   406 ||   523
 Cast: Confuse           |       |     1 ||     1
  Use: Scroll            |     1 |     4 ||     5
 Stab: Sleeping          |     7 |    16 ||    23
       Distracted        |     2 |     3 ||     5
  Eat: Ration            |       |     2 ||     2
Armor: Robe              |     8 |    24 ||    32
Dodge: Dodged            |    89 |   315 ||   404
